 Dungeon Crawl Stone Soup version 0.30-a0-219-gf2db51d15e (webtiles) character file.

Game seed: 16616065919287126791

4494 MovingMist the Protected (level 10, -4/64 HPs)
             Began as a Gargoyle Fighter on Oct 6, 2022.
             Was an Initiate of Okawaru.
             Slain by a two-headed ogre
             ... wielding a +0 giant club
              (24 damage)
             ... on level 7 of the Dungeon.
             The game lasted 00:14:38 (6626 turns).

MovingMist the Protected (Gargoyle Fighter)         Turns: 6626, Time: 00:14:39

Health: -4/64      AC: 24    Str: 19    XL:     10   Next: 38%
Magic:  10/10      EV:  8    Int: 16    God:    Okawaru [......]
Gold:   429        SH:  4    Dex: 11    Spells: 9/9 levels left

rFire   + . .      SeeInvis .    M - +3 whip of the Disbelieving Gods {flame, Fragile rElec Int+6}
rCold   . . .      Faith    .    c - +0 buckler
rNeg    + . .      Spirit   .    A - +0 plate armour
rPois   ∞          Reflect  .    r - +0 helmet
rElec   +          Harm     .    (no cloak)
rCorr   .          Rampage  .    (no gloves)
Will    .....                    g - +1 pair of boots
Stlth   ..........               (no amulet)
HPRegen 0.30/turn                b - +4 ring of slaying
MPRegen 0.12/turn                a - +4 ring of slaying

@: no status effects
A: sickness immunity, AC +7, negative energy resistance 1, electricity
resistance, torment resistance 1, petrification resistance, clumsy 1, fire
resistance 1
a: Renounce Religion


You were on level 7 of the Dungeon.
You worshipped Okawaru.
Okawaru was noncommittal.
You visited 2 branches of the dungeon, and saw 9 of its levels.
You also visited: Sewer.

You collected 429 gold pieces.

Inventory:

Hand Weapons
 M - the +3 whip of the Disbelieving Gods (weapon) {flame, Fragile rElec Int+6}
   (You found it on level 6 of the Dungeon)

   It burns those it strikes, dealing additional fire damage.
   Int:       It affects your intelligence (+6).
   rElec:     It insulates you from electricity.
   Fragile:   It will be destroyed if unequipped.
Armour
 c - a +0 buckler (worn)
 g - a +1 pair of boots (worn)
 r - a +0 helmet (worn)
 A - a +0 plate armour (worn)
Jewellery
 a - a +4 ring of slaying (right hand)
 b - a +4 ring of slaying (left hand)
 l - a +6 ring of intelligence
Wands
 B - a wand of flame (5)
 G - a wand of roots (8)
 J - a wand of digging (3)
 K - a wand of polymorph (10)
Scrolls
 f - 2 scrolls of enchant weapon
 i - a scroll of fear {unknown}
 j - 3 scrolls of immolation {unknown}
 m - 2 scrolls of butterflies {unknown}
 n - a scroll of silence {unknown}
 p - 3 scrolls of vulnerability {unknown}
 q - a scroll of teleportation {unknown}
 s - a scroll of brand weapon {unknown}
 t - 3 scrolls of blinking
 w - 2 scrolls of magic mapping {unknown}
 x - 2 scrolls of enchant armour {unknown}
 y - a scroll of torment {unknown}
 D - 2 scrolls of amnesia {unknown}
Potions
 d - 2 potions of might
 e - 9 potions of curing
 h - 2 potions of heal wounds
 k - a potion of ambrosia
 o - a potion of degeneration
 u - 2 potions of lignification
 v - 2 potions of attraction
 z - a potion of mutation
 E - a potion of resistance {unknown}
 F - a potion of berserk rage {unknown}
 H - a potion of haste
 I - 4 potions of brilliance {unknown}


   Skills:
 + Level 8.0 Fighting
 + Level 6.9 Maces & Flails
 + Level 8.1 Armour
 * Level 7.8 Dodging
 - Level 3.2 Shields


You had 9 spell levels left.
You didn't know any spells.
Your spell library contained the following spells:

 Spells                   Type           Power      Damage    Failure   Level
 Sting                    Tmut/Pois      0%         1d3       100%        1
 Blink                    Tloc           0%         N/A       100%        2
 Momentum Strike          Conj/Tloc      0%         3d8       100%        2
 Poisonous Vapours        Pois/Air       0%         N/A       100%        2
 Ignite Poison            Fire/Tmut/Pois 0%         N/A       100%        3
 Kindle Blastsparks       Fire/Tloc/Air  0%         2d10      100%        3
 Lesser Beckoning         Tloc           0%         N/A       100%        3
 Olgreb's Toxic Radiance  Pois           0%         N/A       100%        4
 Freezing Cloud           Conj/Ice/Air   0%         6-21      100%        5


Dungeon Overview and Level Annotations

Branches:
Dungeon (8/15)             Temple (1/1) D:7           Sewer (visited)
   Lair: D:8-11

Altars:
Ashenzari
Cheibriados
Dithmenos
Elyvilon
Fedhas
Gozag
Hepliaklqana
Kikubaaqudgha
Makhleb
Okawaru
Qazlal
Ru
Trog
Uskayaw
Vehumet
Wu Jian
Xom
Yredelemnul
Zin
The Shining One

Shops:
D:4 :   D:8 *


Innate Abilities, Weirdness & Mutations

You are immune to sickness and miasma.
Your stone body is resilient. (AC +7)
You are immune to poison.
You resist negative energy. (rN+)
You are resistant to electric shocks. (rElec)
You are resistant to unholy torment.
You are immune to petrification.
You are clumsy. (Dex -2)
Your flesh is heat resistant. (rF+)


Message History

You hit the wight but do no damage.
The wight is heavily damaged.
You hit the wight but do no damage.
The wight is heavily damaged.
The wight barely misses you.
You barely miss the wight.
The wight is heavily damaged.
The wight hits you but does no damage.
You barely miss the wight.
The wight is heavily damaged.
The wight hits you but does no damage.
You closely miss the wight.
The wight is heavily damaged.
The wight hits you but does no damage.
You whack the wight! You burn the wight.
You destroy the wight!
Okawaru accepts your kill.
The two-headed ogre barely misses you. x2
Things that are here:
a +2 short sword; a +0 robe You barely miss the two-headed ogre.
The two-headed ogre hits you but does no damage.
The two-headed ogre hits you with a +0 giant club.
You barely miss the two-headed ogre. You hit the two-headed ogre.
You burn the two-headed ogre.
The two-headed ogre is lightly wounded.
The two-headed ogre hits you with a +0 giant club.
The two-headed ogre hits you but does no damage.
You whack the two-headed ogre! You burn the two-headed ogre.
The two-headed ogre is moderately wounded.
You whack the two-headed ogre! You burn the two-headed ogre.
The two-headed ogre is heavily wounded.
The two-headed ogre hits you but does no damage.
The two-headed ogre hits you with a +0 giant club.
You completely miss the two-headed ogre.
The two-headed ogre is heavily wounded.
You whack the two-headed ogre! You burn the two-headed ogre.
The two-headed ogre is almost dead.
The two-headed ogre hits you with a +0 giant club!!
You die...

#.........# ##### #............#
#.##...########### #...........##
#.##.............# #...........#
#.##.##....#.....# #.###...#####
..##.#####.#.....# #.##..#.# ####
#....# #........###.#..##.# #...
.....# #.#.#.##...........###.##
.....####.#.#.##.##...###........
..............##@#...## #.####...
.....########.##O#<..####.####..#
..........###..#gz...............
................>[.#.............
#########.###.......####.........
............#....................
..##........#.......######....#.#
..##...[....#.......# ####.#.#
..+.........#.......# #....


You could see a two-headed ogre, a wight and a gnoll.

Vanquished Creatures
  Pikel (D:3)
  Maggie (D:6)
  Sigmund (D:4)
  Eustachio (D:6)
  A steam dragon (D:7)
  Edmund (D:4)
  An orc warrior (D:7)
  2 ice beasts (D:6)
  A black bear (D:7)
  2 ogres
  2 centaurs (D:7)
  5 phantoms
  4 bullfrogs
  A necrophage (D:3)
  A wyvern zombie (D:6)
  A water moccasin zombie (D:6)
  2 scorpions
  6 wights
  A water moccasin skeleton (D:6)
  A howler monkey (D:5)
  A crimson imp (D:5)
  4 bullfrog zombies (D:6)
  4 centaur zombies (D:6)
  2 hounds
  An iron imp (D:3)
  2 bullfrog skeletons (D:6)
  An orc priest (D:7)
  A centaur skeleton (D:6)
  A gnoll bouda (D:4)
  7 iguanas
  4 orc wizards
  Robin (D:2)
  A howler monkey zombie (D:6)
  3 gnolls (D:4)
  A howler monkey skeleton (D:6)
  13 adders
  4 white imps
  An ufetubus (D:4)
  4 worms
  2 dart slugs
  33 orcs
  10 ball pythons
  4 endoplasms
  14 giant cockroaches
  15 goblins
  10 hobgoblins
  6 jackals
  5 quokkas
  5 bats
  16 frilled lizards
  4 kobolds
  8 rats
224 creatures vanquished.

Vanquished Creatures (others)
  A plant (D:4)
  5 withered plants (D:6)
6 creatures vanquished.

Grand Total: 230 creatures vanquished

Notes
Turn   | Place    | Note
-------+----------+-------------------------------------------
     0 | D:1      | MovingMist the Gargoyle Fighter began the quest for the
                  | Orb.
     0 | D:1      | Reached XP level 1. HP: 14/14 MP: 1/1
    10 | D:1      | Noticed a centaur
    84 | D:1      | Reached XP level 2. HP: 19/19 MP: 2/2
   220 | D:1      | Reached skill level 1 in Dodging
   508 | D:1      | Found a faded altar of an unknown god.
   579 | D:2      | Reached XP level 3. HP: 21/23 MP: 3/3
  1017 | D:2      | Noticed Robin
  1028 | D:2      | Killed Robin
  1132 | D:2      | Reached XP level 4. HP: 29/29 MP: 4/4
  1543 | D:3      | Found a snail-covered altar of Cheibriados.
  1559 | D:3      | Reached XP level 5. HP: 19/33 MP: 5/5
  1634 | D:3      | Noticed an ogre
  2173 | D:3      | Found a shimmering altar of Xom.
  2568 | D:3      | Reached XP level 6. HP: 38/38 MP: 6/6
  2581 | D:4      | Noticed Pikel
  2729 | D:3      | Killed Pikel
  2730 | D:3      | Reached skill level 5 in Fighting
  2730 | D:3      | Reached skill level 5 in Armour
  2730 | D:3      | Reached XP level 7. HP: 8/44 MP: 7/7
  2897 | D:4      | Found Riudodou's Book Shoppe.
  2933 | D:4      | Reached XP level 8. HP: 31/49 MP: 8/8
  3087 | D:4      | Identified the +1 leather armour of Iquif {rF+ rC+ Int+4}
  3413 | D:4      | Noticed Sigmund
  3414 | D:4      | Noticed Edmund
  3424 | D:4      | Killed Sigmund
  3440 | D:4      | Killed Edmund
  3441 | D:4      | Reached skill level 5 in Dodging
  3479 | D:5      | Entered Level 5 of the Dungeon
  3528 | D:5      | Found a glowing drain.
  3547 | Sewer    | Entered a sewer
  3810 | Sewer    | Reached skill level 5 in Maces & Flails
  4070 | D:5      | Found a basalt altar of Yredelemnul.
  4341 | D:5      | Reached XP level 9. HP: 55/55 MP: 9/9
  4383 | D:5      | Found a blossoming altar of Fedhas.
  4739 | D:6      | Noticed Eustachio
  4753 | D:6      | Killed Eustachio
  5047 | D:6      | Noticed Maggie
  5080 | D:6      | Killed Maggie
  5276 | D:6      | Reached XP level 10. HP: 63/63 MP: 10/10
  5392 | D:6      | Identified the +3 whip of the Disbelieving Gods {flame,
                  | Fragile rElec Int+6}
  5537 | D:6      | Gained mutation: Your flesh is heat resistant. (rF+)
                  | [potion of mutation]
  5537 | D:6      | Gained mutation: You are clumsy. (Dex -2) [potion of
                  | mutation]
  5698 | D:7      | Found a staircase to the Ecumenical Temple.
  5706 | Temple   | Entered the Ecumenical Temple
  5715 | Temple   | Became a worshipper of Warmaster Okawaru
  6335 | D:7      | Reached * piety under Okawaru
  6369 | D:7      | Identified the +4 short sword of Xigrirch {freeze, rF++}
  6372 | D:7      | Found an ancient bone altar of Kikubaaqudgha.
  6565 | D:8      | Noticed a two-headed ogre
  6567 | D:8      | Found Jishoh's Changing Room.
  6626 | D:7      | Slain by a two-headed ogre

Illustrated notes

Levels and vault maps discovered:
D:1:      evilmike_arrival_come_back, layout_rooms,
          hellmonk_ecumenical_altar_lost_god
D:2:      layout_loops_corners, chequers_serial_rivers_small_a, uniq_robin
D:3:      layout_basic, lemuel_round_altar, slow_altar_2
D:4:      layout_rooms, serial_shops, nicolae_shop_competitors_out_of_business,
          kennysheep_cluttered_room, sigmund_edmund_badplayer, uniq_pikel
D:5:      layout_rooms, mainiacjoe_overflow_alcove_4, marbit_many_paths,
          cheibrodos_sewer_entry_drain, minmay_fire_ice_demons
D:6:      layout_cave_pods, serial_undead, serial_undead_e, serial_undead_f,
          serial_undead_b, serial_undead_b, serial_undead_b, serial_undead_c,
          serial_undead_d, uniq_eustachio, uniq_sigmund, uniq_maggie
D:7:      layout_basic, mainiacjoe_overflow_small_starburst,
          minmay_temple_entry_tees, columned_hall_lemuel
D:8:      layout_basic, overflow_temple_1_default,
          mainiacjoe_overflow_surrounded_room, enter_bailey_3,
          nicolae_transmutations_shop
Temple:   nicolae_temple_no_exploring_needed

Skill      XL: |  1  2  3  4  5  6  7  8  9 10 |
---------------+-------------------------------+-----
Dodging        | 1 2 4 5 7 |  7.8
Fighting       | 4 5 6 7 8 |  8.0
Armour         | 4 5 6 7 8 |  8.1
Maces & Flails | 3 4 5 6 |  6.9
Shields        | |  3.2

Action                   |  1- 3 |  4- 6 |  7- 9 | 10-12 || total
-------------------------+-------+-------+-------+-------++-------
Melee: Flail             |    95 |   172 |       |       ||   267
       Whip              |       |       |   334 |   134 ||   468
  Use: Scroll            |     1 |     1 |       |     6 ||     8
       Potion            |       |       |       |     2 ||     2
Armor: Scale mail        |    32 |       |       |       ||    32
       Chain mail        |    16 |   190 |   173 |    20 ||   399
       Plate armour      |       |       |       |    71 ||    71
Dodge: Dodged            |    50 |   102 |   137 |    54 ||   343
Block: Buckler           |    25 |    67 |    69 |    31 ||   192

Table legend: (Time is in decaauts)
 A = Elapsed time spent in this place.
 B = Non-inter-level travel time spent in this place.
 C = Inter-level travel time spent in this place.
 D = Time resting spent in this place.
 E = Time spent auto-exploring this place.
 F = Levels seen in this place.
 G = Mean time per level.
                   A        B        C        D        E       F      G
               +--------+--------+--------+--------+--------+-----+--------+
         Total |   6717 |   6505 |    212 |    433 |   4093 |  10 |  671.7 |
       Dungeon |   6316 |   6104 |    212 |    433 |   4090 |   8 |  789.5 |
        Temple |     19 |     19 |      0 |      0 |      0 |   1 |   19.0 |
         Sewer |    381 |    381 |      0 |      0 |      3 |   1 |  381.0 |
               +--------+--------+--------+--------+--------+-----+--------+

Top non-repeatable levels by time:
     D:3: 1349 daAuts
     D:6: 1017 daAuts
     D:7: 992 daAuts
     D:2: 980 daAuts
     D:5: 719 daAuts
     D:4: 634 daAuts
     D:1: 593 daAuts
   Sewer: 381 daAuts
     D:8: 29 daAuts
  Temple: 19 daAuts
